Map: 공허의 출격

Players

테라진

  • Race: Terran Terran
  • Spawn Location: 6:00

밤하늘

  • Race: Protoss Protoss
  • Spawn Location: 6:00

VOD

Have the link to the VOD?

Description

Time

  • Played on: Jan. 17, 2019, 4:46 a.m.
  • Length: 24:14
Show
View Real Time Build Order
Export as new Build Order

테라진 Terran 

Build Orders:  

Get SALT Encoding   

  12  0:04  SCV  
Show
View Real Time Build Order
Export as new Build Order

밤하늘 Protoss 

Build Orders:  

Get SALT Encoding   

  12  0:02  Probe (Chrono Boost)  
  13  0:16  Probe (Chrono Boost)  
  14  0:30  Probe (Chrono Boost)  
  15  0:58  Zoraya Legion  
  15  1:43  Ancient Nexus  
  15  1:58  Xel'Naga Passageway  
  15  2:01  Probe (Chrono Boost)  
  16  2:15  Probe (Chrono Boost)  
  17  2:37  Xel'Naga Passageway  
  17  3:15  Core Forge  
  17  3:19  Probe (Chrono Boost)  
  18  3:33  Zoraya Legion  
  18  3:41  Probe x2 (Chrono Boost)  
  20  3:55  Probe x2 (Chrono Boost)  
  22  4:09  Probe x2 (Chrono Boost)  
  24  4:23  Probe x2 (Chrono Boost)  
  26  4:37  Probe x2 (Chrono Boost), Constructs Facility  
  28  4:40  Xel'Naga Passageway  
  28  4:51  Probe (Chrono Boost)  
  29  5:02  Probe (Chrono Boost)  
  29  5:04  Probe (Chrono Boost)  
  31  5:16  Probe (Chrono Boost)  
  31  5:18  Probe (Chrono Boost)  
  34  5:30  Probe (Chrono Boost)  
  33  5:32  Probe (Chrono Boost)  
  35  5:44  Zoraya Legion  
  35  6:13  Xel'Naga Shieldguard x3  
  35  6:15  Xel'Naga Void Array x2  
  35  6:17  Constructs Bay  
  39  6:38  Xel'Naga Void Array x2  
  40  7:00  Xel'Naga Watcher  
  40  7:03  Xel'Naga Ambusher  
  40  7:06  Xel'Naga Ambusher  
  40  7:07  Xel'Naga Ambusher  
  46  7:12  Xel'Naga Watcher  
  46  7:24  Xel'Naga Watcher  
  46  7:36  Xel'Naga Watcher  
  46  7:48  Zoraya Legion  
  46  7:49  Xel'Naga Watcher  
  46  8:01  Xel'Naga Watcher  
  45  8:17  Xel'Naga Ambusher  
  45  8:18  Xel'Naga Watcher  
  45  8:19  Xel'Naga Void Array  
  45  8:21  Xel'Naga Ambusher x2  
  49  9:04  Xel'Naga Ambusher  
  49  9:08  Xel'Naga Ambusher x2  
  55  9:22  Xel'Naga Void Array  
  55  9:40  Xel'Naga Void Array  
  55  9:53  Xel'Naga Ambusher  
  55  9:54  Xel'Naga Void Array  
  55  9:57  Xel'Naga Ambusher  
  55  9:59  Xel'Naga Void Array  
  59  10:01  Zoraya Legion  
  59  10:10  Xel'Naga Ambusher  
  59  10:11  Xel'Naga Ambusher  
  63  10:33  Xel'Naga Ambusher  
  63  10:36  Xel'Naga Ambusher  
  67  10:59  Xel'Naga Void Array  
  67  11:08  Xel'Naga Void Array  
  67  11:21  Xel'Naga Ambusher  
  67  11:23  Xel'Naga Watcher  
  67  11:24  Xel'Naga Ambusher  
  67  11:25  Xel'Naga Shieldguard  
  72  11:41  Xel'Naga Void Array  
  72  11:43  Xel'Naga Shieldguard  
  72  11:45  Xel'Naga Shieldguard  
  74  12:20  Xel'Naga Ambusher  
  74  12:24  Xel'Naga Ambusher x2  
  74  12:27  Xel'Naga Void Array  
  80  12:37  Xel'Naga Ambusher, Xel'Naga Void Array  
  80  12:45  Xel'Naga Ambusher  
  84  13:08  Zoraya Legion  
  84  13:23  Xel'Naga Void Array  
  84  13:29  Xel'Naga Watcher  
  84  13:41  Xel'Naga Watcher  
  84  13:53  Xel'Naga Watcher  
  84  14:05  Xel'Naga Watcher  
  84  14:18  Xel'Naga Watcher  
  84  14:25  Xel'Naga Watcher  
  84  14:33  Xel'Naga Ambusher  
  84  14:36  Xel'Naga Ambusher x2  
  90  14:46  Xel'Naga Void Array  
  90  14:50  Xel'Naga Ambusher  
  90  14:57  Xel'Naga Ambusher x2  
  96  15:14  Xel'Naga Void Array  
  96  15:18  Xel'Naga Ambusher  
  98  15:40  Xel'Naga Void Array  
  98  15:58  Constructs Facility  
  98  16:02  Constructs Facility  
  98  16:41  Xel'Naga Watcher x2  
  98  17:12  Xel'Naga Void Array  
  80  17:43  Xel'Naga Void Array  
  63  17:50  Xel'Naga Enforcer  
  63  17:55  Xel'Naga Enforcer x2  
  75  18:06  Xel'Naga Void Array  
  75  18:12  Xel'Naga Enforcer  
  79  18:22  Xel'Naga Enforcer  
  83  18:42  Xel'Naga Enforcer  
  85  19:11  Xel'Naga Watcher  
  85  19:14  Xel'Naga Watcher x2  
  85  19:23  Xel'Naga Watcher  
  85  19:29  Xel'Naga Watcher  
  85  19:36  Xel'Naga Void Array  
  85  19:46  Xel'Naga Void Array  
  82  20:13  Xel'Naga Enforcer  
  82  20:18  Xel'Naga Enforcer  
  80  20:22  Xel'Naga Void Array  
  74  20:38  Xel'Naga Void Array  
  74  21:33  Xel'Naga Enforcer  
  74  21:36  Xel'Naga Void Array  
  74  21:38  Xel'Naga Enforcer  
  82  21:41  Xel'Naga Void Array  
  82  21:59  Zoraya Legion  
  82  22:49  Xel'Naga Enforcer  
  82  22:54  Xel'Naga Enforcer  
  90  23:13  Xel'Naga Watcher  
  90  23:34  Xel'Naga Enforcer  
Tags
 
Add a new tag
Caveats
  • Supply blocks, unpowered buildings, or Contaminate may cause inaccurate times.
  • Supply counts are checked every 10 seconds.